 Dungeon Crawl Stone Soup version 0.28.0-53-g5a82cb258f (webtiles) character file.

Game seed: 1172561911955004533

2751 Descartes the Magician (level 9, -7/45 HPs)
             Began as a Deep Elf Fire Elementalist on July 15, 2022.
             Was an Initiate of Gozag.
             Mangled by a komodo dragon (22 damage)
             ... on level 8 of the Dungeon.
             The game lasted 00:15:39 (9503 turns).

Descartes the Magician (Deep Elf Fire Elementalist) Turns: 9503, Time: 00:15:40

Health: -7/45      AC:  8    Str: 15    XL:     9   Next: 41%
Magic:  0/31       EV: 14    Int: 16    God:    Gozag
Gold:   794        SH:  0    Dex: 15    Spells: 3/23 levels left

rFire   . . .      SeeInvis +   C - +9 quarterstaff of Cowardice {freeze, +Blink MP+9 Int-5 SInv}
rCold   + . .      Faith    .   (shield currently unavailable)
rNeg    . . .      Spirit   +   E - +0 leather armour {rC+}
rPois   .          Reflect  .   B - +0 helmet
rElec   .          Harm     .   F - +0 cloak
rCorr   .          Rampage  .   d - +2 pair of gloves
Will    +....                   (no boots)
Stlth   +++.......              f - amulet of guardian spirit
HPRegen 0.15/turn               b - +6 ring of strength
MPRegen 0.22/turn               w - ring of willpower

@: mighty, brilliant, marked, very slightly contaminated
A: no striking features
a: Renounce Religion, Evoke Blink, Potion Petition, Call Merchant, Bribe Branch


You were on level 8 of the Dungeon.
You worshipped Gozag.
Gozag was pleased with you.
You visited 2 branches of the dungeon, and saw 9 of its levels.

You collected 1006 gold pieces.
You paid 212 gold pieces to Gozag.

Inventory:

Hand Weapons
 n - a +2 dagger of holy wrath
 A - a +0 shortbow
 C - the +9 quarterstaff of Cowardice (weapon) {freeze, +Blink MP+9 Int-5 SInv}
   (You found it on level 7 of the Dungeon)

   It freezes those it strikes, dealing additional cold damage.
   It can also slow down cold-blooded creatures.
   Int:       It affects your intelligence (-5).
   MP:        It affects your magic capacity (+9).
   SInv:      It lets you see invisible.
   +Blink:    It lets you blink.
Missiles
 a - 359 stones
 l - 223 arrows
 p - 7 poisoned darts
Armour
 d - a +2 pair of gloves (worn)
 g - a +2 chain mail of fire resistance
 o - a +0 tower shield
 B - a +0 helmet (worn)
 E - a +0 leather armour of cold resistance (worn)
 F - a +0 cloak (worn)
Jewellery
 b - a +6 ring of strength (left hand)
 f - an amulet of guardian spirit (around neck)
 w - a ring of willpower (right hand)
Wands
 I - a wand of digging (6)
Scrolls
 h - a scroll of enchant armour {unknown}
 i - a scroll of amnesia {unknown}
 k - 6 scrolls of identify {unknown}
 m - 2 scrolls of teleportation {unknown}
 r - 2 scrolls of noise {unknown}
 s - 2 scrolls of vulnerability {unknown}
 t - 4 scrolls of fear {unknown}
 y - a scroll of magic mapping {unknown}
 D - a scroll of silence {unknown}
 H - a scroll of enchant weapon {unknown}
Potions
 c - 9 potions of curing {unknown}
 e - 3 potions of mutation {unknown}
 j - 2 potions of haste {unknown}
 q - 2 potions of invisibility {unknown}
 u - 3 potions of flight {unknown}
 v - a potion of heal wounds {unknown}
 x - 2 potions of magic {unknown}
 z - a potion of attraction {unknown}
 G - a potion of lignification {unknown}


   Skills:
 + Level 1.6 Staves
 + Level 6.8 Dodging
 + Level 7.5 Stealth
 + Level 1.1 Shields
 + Level 7.7 Spellcasting
 + Level 5.9 Conjurations
 + Level 4.5 Hexes
 + Level 6.8 Fire Magic


You had 3 spell levels left.
You knew the following spells:

 Your Spells              Type           Power      Damage    Failure   Level
a - Foxfire               Conj/Fire      100%       2x1d9     1%          1
b - Scorch                Fire           84%        2d9       1%          2
c - Anguish               Hex/Necr       10%        N/A       50%         4
d - Searing Ray           Conj           76%        2d7       1%          2
e - Confusing Touch       Hex            31%        N/A       6%          3
f - Flame Wave            Conj/Fire      40%        2d9       10%         4
g - Fulminant Prism       Conj/Hex       17%        3d11      16%         4

Your spell library contained the following spells:

 Spells                   Type           Power      Damage    Failure   Level
 Magic Dart               Conj           100%       1d8       1%          1
 Slow                     Hex            100%       N/A       2%          1
 Conjure Flame            Conj/Fire      40%        6-21      3%          3
 Inner Flame              Hex/Fire       36%        N/A       4%          3
 Static Discharge         Conj/Air       23%        N/A       6%          2
 Ensorcelled Hibernation  Hex/Ice        40%        N/A       9%          2
 Beastly Appendage        Tmut           18%        N/A       14%         1
 Ignite Poison            Fire/Tmut/Pois 20%        N/A       17%         3
 Mephitic Cloud           Conj/Pois/Air  18%        N/A       19%         3
 Wereblood                Tmut           9%         N/A       22%         2
 Ozocubu's Armour         Ice            9%         N/A       38%         3
 Spider Form              Tmut/Pois      9%         N/A       38%         3
 Vampiric Draining        Necr           9%         2d6       38%         3
 Lightning Bolt           Conj/Air       11%        1d24      75%         5
 Metabolic Englaciation   Hex/Ice        10%        N/A       83%         5
 Yara's Violent Unravell  Hex/Tmut       10%        3d6       83%         5
 Freezing Cloud           Conj/Ice/Air   9%         6-21      86%         5
 Simulacrum               Ice/Necr       4%         N/A       100%        6
 Enfeeble                 Hex            15%        N/A       100%        7
 Maxwell's Capacitive Co  Air            4%         ∞         100%        8


Dungeon Overview and Level Annotations

Branches:
Dungeon (8/15)             Temple (1/1) D:4
   Lair: D:8-11

Altars:
Cheibriados
Dithmenos
Fedhas
Gozag
Hepliaklqana
Kikubaaqudgha
Makhleb
Nemelex Xobeh
Okawaru
Ru
Sif Muna
Trog
Vehumet
Wu Jian
Xom
Yredelemnul
Zin
The Shining One


Message History

The gnoll barely misses you.
Your foxfire dissipates!
The foxfire hits the acid dragon but does no damage.
The acid dragon spits acid at you. The splash of acid hits you!!
The basilisk is no longer distracted by gold.
The acid dragon spits acid at you. The splash of acid hits you!
Casting: Foxfire (safe; 1% risk of failure)
Confirm with . or Enter, or press ? or * to list all spells.
You feel a surge of power!
You conjure some foxfire!
The two-headed ogre is distracted by your dazzling golden aura.
Casting: Foxfire (safe; 1% risk of failure)
Confirm with . or Enter, or press ? or * to list all spells.
You feel a surge of power!
You conjure some foxfire!
The two-headed ogre shouts in stereo!
The foxfire hits the acid dragon.
The acid dragon is moderately wounded.
The foxfire hits the acid dragon but does no damage.
The acid dragon is moderately wounded.
The foxfire hits the komodo dragon but does no damage.
Unknown command.
Casting: Foxfire (safe; 1% risk of failure)
Confirm with . or Enter, or press ? or * to list all spells.
You feel a surge of power!
You conjure some foxfire!
The acid dragon misses you. The acid dragon closely misses you.
The komodo dragon closely misses you.
Casting: Foxfire (safe; 1% risk of failure)
Confirm with . or Enter, or press ? or * to list all spells.
You feel a surge of power!
There is not enough space to conjure foxfire!
Unknown command.
The foxfire hits the acid dragon.
The acid dragon is heavily wounded.
The foxfire hits the acid dragon but does no damage.
The acid dragon is heavily wounded.
The acid dragon bites you! The acid dragon closely misses you.
The komodo dragon bites you!!
You die...
Your body crumbles into a pile of gold.

# #.# #.# # ### ### #
# ### $ # ####.#
#########...#### ##
.........###...##.####
# ########.#
####§.##..# ... ###
##@Dg.###.....
##l.$.$Olg.#
#####(##### ##


You could see a two-headed ogre, a komodo dragon, a basilisk, an acid dragon and
a gnoll.

Vanquished Creatures
  2 basilisks (D:8)
  A steam dragon (D:6)
  An orc warrior (D:6)
  4 black bears
  An ice beast (D:6)
  3 ogres
  2 phantoms (D:7)
  2 centaurs
  A wyvern zombie (D:6)
  3 bullfrogs
  2 scorpions (D:5)
  2 water moccasin zombies
  A bullfrog zombie (D:4)
  A centaur zombie (D:7)
  5 hounds
  A centaur skeleton (D:7)
  An orc priest (D:8)
  2 iguanas
  6 orc wizards
  A scorpion zombie (D:5)
  A killer bee zombie (D:8)
  A hound zombie (D:5)
  7 gnolls
  4 adders
  A shadow imp (D:6)
  3 white imps
  3 ufetubi (D:4)
  A worm (D:4)
  2 dart slugs
  21 orcs
  7 endoplasms
  2 giant cockroaches
  7 goblins
  6 hobgoblins
  2 jackals (D:5)
  5 quokkas
  2 ball pythons
  7 bats
  2 frilled lizards
  4 kobolds
  9 rats
139 creatures vanquished.

Vanquished Creatures (others)
  962 foxfires
962 creatures vanquished.

Grand Total: 1101 creatures vanquished

Notes
Turn   | Place    | Note
-------+----------+-------------------------------------------
     0 | D:1      | Descartes the Deep Elf Fire Elementalist began the quest
                  | for the Orb.
     0 | D:1      | Reached XP level 1. HP: 10/10 MP: 6/6
   280 | D:1      | Reached XP level 2. HP: 15/15 MP: 1/8
  1448 | D:2      | Reached XP level 3. HP: 19/19 MP: 6/9
  1704 | D:2      | You fall into a shaft and drop 2 floors!
  1922 | D:2      | Found a faded altar of an unknown god.
  2467 | D:2      | Reached XP level 4. HP: 24/24 MP: 8/11
  3495 | D:4      | Noticed an ogre
  3502 | D:4      | Killed an ogre
  3503 | D:4      | Reached XP level 5. HP: 28/28 MP: 5/13
  3595 | D:4      | Learned a level 2 spell: Scorch
  3960 | D:4      | Found a staircase to the Ecumenical Temple.
  3965 | D:4      | Noticed a black bear
  3971 | D:4      | Killed a black bear
  3972 | D:4      | Reached XP level 6. HP: 32/32 MP: 9/15
  3974 | Temple   | Entered the Ecumenical Temple
  4149 | Temple   | Became a worshipper of Gozag Ym Sagoz the Greedy
  4682 | D:5      | Entered Level 5 of the Dungeon
  4854 | D:5      | Reached skill level 5 in Spellcasting
  5016 | D:5      | Reached skill level 5 in Stealth
  5016 | D:5      | Reached skill level 5 in Fire Magic
  5016 | D:5      | Reached XP level 7. HP: 36/36 MP: 6/16
  5204 | D:5      | Reached skill level 5 in Dodging
  5656 | D:5      | Learned a level 4 spell: Anguish
  5820 | D:5      | Reached skill level 1 in Hexes
  5820 | D:5      | Reached XP level 8. HP: 41/41 MP: 13/19
  6547 | D:6      | Reached skill level 5 in Conjurations
  6899 | D:6      | Learned a level 2 spell: Searing Ray
  6903 | D:6      | Learned a level 3 spell: Confusing Touch
  6908 | D:6      | Learned a level 4 spell: Flame Wave
  7608 | D:7      | Reached XP level 9. HP: 42/45 MP: 2/21
  7804 | D:7      | Identified the +9 quarterstaff of Cowardice {freeze, +Blink
                  | MP+9 Int-5 SInv}
  8241 | D:7      | Learned a level 4 spell: Fulminant Prism
  8706 | D:8      | Reached skill level 1 in Staves
  9488 | D:8      | Reached skill level 1 in Shields
  9493 | D:8      | Noticed a komodo dragon
  9495 | D:8      | Noticed a two-headed ogre
  9503 | D:8      | Mangled by a komodo dragon

Illustrated notes

Levels and vault maps discovered:
D:1:      evilmike_arrival_crescent, layout_basic
D:2:      layout_basic, basic_ecumenical_altar
D:3:      layout_rooms
D:4:      layout_basic, minmay_temple_entry_mist,
          hangedman_abyss_or_decor_stagger, minmay_misc_feat_five,
          minmay_fractal_squares_5
D:5:      layout_cave_pools, st_stairs_6
D:6:      layout_layer_cave
D:7:      layout_rooms, minmay_quadrilaterals
D:8:      layout_loops_ring, erik_lair_dragon
Temple:   mainiacjoe_temple_coin_purse

Skill      XL: |  1  2  3  4  5  6  7  8  9 |
---------------+----------------------------+-----
Stealth        | 3 4 5 7 |  7.5
Dodging        | 3 4 5 6 |  6.8
Conjurations   | 2 3 4 5 |  5.9
Fire Magic     | 4 5 6 |  6.8
Spellcasting   | 4 5 6 7 |  7.7
Hexes          | 1 3 4 |  4.5
Staves         | 1 |  1.6
Shields        | 1 |  1.1

Action                   |  1- 3 |  4- 6 |  7- 9 || total
-------------------------+-------+-------+-------++-------
Melee: Dagger            |     8 |     6 |       ||    14
 Cast: Foxfire           |    86 |   142 |   332 ||   560
Invok: Potion Petition   |       |       |     1 ||     1
Armor: Leather armour    |     5 |     8 |    12 ||    25
       Chain mail        |     3 |       |       ||     3
Dodge: Dodged            |    18 |     6 |    24 ||    48
